 Dungeon Crawl Stone Soup version 0.18.1-6-gd335043 (webtiles) character file.

199 nubinia the Conjurer (level 5, -23/28 HPs)
             Began as a Tengu Conjurer on May 17, 2016.
             Annihilated by an ogre
             ... wielding a +0 giant club
              (28 damage)
             ... on level 3 of the Dungeon.
             The game lasted 00:15:01 (3744 turns).

nubinia the Conjurer (Tengu Conjurer)               Turns: 3744, Time: 00:15:01

Health: -23/28     AC:  1    Str:  9    XL:     5   Next: 77%
Magic:  4/11       EV: 13    Int: 15    God:
Gold:   225        SH:  0    Dex: 15    Spells: 3 memorised, 2 levels left

rFire  . . .     SeeInvis .     m - +0 mace
rCold  . . .     Gourm    .     a - +0 robe
rNeg   . . .     Faith    .     (no shield)
rPois  .         Spirit   .     (helmet restricted)
rElec  .         Dismiss  .     i - +1 cloak (curse)
rCorr  .         Reflect  .     q - +0 pair of gloves (curse)
SustAt .         Harm     .     (boots unavailable)
MR     .....                    (no amulet)
Stlth  ++........               (no ring)
                                l - -4 ring of protection (curse)

@: not resistant to hostile enchantments, unstealthy
A: beak, talons 3, able to fly 1
a: Fly


You were on level 3 of the Dungeon.
You were not hungry.

You visited 1 branch of the dungeon, and saw 3 of its levels.
You also visited: Sewer.

You collected 225 gold pieces.

Inventory:

Hand Weapons
 d - a +0 club
 m - a +0 mace (weapon)
Missiles
 o - 13 bolts
 p - 33 sling bullets
Armour
 a - a +0 robe (worn)
 i - a cursed +1 cloak (worn)
 q - a cursed +0 pair of gloves (worn)
Jewellery
 l - a cursed -4 ring of protection (left hand)
Potions
 e - 2 potions of flight
 h - 2 potions of curing
 k - 2 potions of heal wounds
 n - a potion of berserk rage
 r - a potion of lignification {unknown}
Books
 b - a book of Conjurations

   Spells                             Type                      Level
   a - Magic Dart                     Conjuration                  1
   b - Searing Ray                    Conjuration                  2
   c - Dazzling Spray                 Conjuration/Hexes            3
   d - Fulminant Prism                Conjuration/Hexes            4
   e - Iskenderun's Mystic Blast      Conjuration                  4
   f - Iskenderun's Battlesphere      Conjuration/Charms           5
Comestibles
 c - 3 bread rations
 f - a beef jerky
 g - a chunk of flesh
 j - 5 meat rations


   Skills:
 + Level 0.6 Fighting
 + Level 0.4 Maces & Flails
 + Level 2.8 Dodging
 + Level 2.4 Stealth
 + Level 3.4 Spellcasting
 + Level 7.2 Conjurations


You had 2 spell levels left.
You knew the following spells:

 Your Spells              Type           Power        Failure   Level  Hunger
a - Magic Dart            Conj           ###.         1%          1    None
b - Iskenderun's Mystic   Conj           ###.....     12%         4    ####...
c - Dazzling Spray        Conj/Hex       ##......     17%         3    ###....


Dungeon Overview and Level Annotations

Branches:
Dungeon (3/15)

Altars:
Cheibriados
Dithmenos
Fedhas
Gozag
Kikubaaqudgha
Trog


Innate Abilities, Weirdness & Mutations

You have a beak for a mouth.
You have claws for feet.
You can fly.


Message History

Confirm with . or Enter, or press ? or * to list all spells.
Aiming: Magic Dart
Press: ? - help, Shift-Dir - straight line, f/p - ogre
Aim: an ogre, wielding a giant club (severely wounded)
The magic dart hits the ogre.
The ogre is severely wounded.
The ogre barely misses you.
Unknown command.
Unknown command.
Unknown command.
Casting: Magic Dart
Confirm with . or Enter, or press ? or * to list all spells.
Aiming: Magic Dart
Press: ? - help, Shift-Dir - straight line, f/p - ogre
Aim: an ogre, wielding a giant club (severely wounded)
The magic dart hits the ogre.
The ogre is severely wounded.
The ogre hits you with a giant club!!
Ouch! That really hurt!
You die...

).........# #.# #.#.#.[.......
###.......######.###.#.#.########
###..............................
#.8....)..###.##.###.#.#.#.######
.....[.....##>##.# #.O<#.#.......
....######.##.##.# ###.#.########
#.8......#.##.##.# #.#........)
#_######.#.##.##O# **#.##########
########.#.##.##@# *,..#,,,,,,,*
......##.#.##.##.# *,###,*****,*
##.##.##.#.##.##.#**,***,* *,*
##.......#.##.##.#,,,,,*,* *,*
....##.###.##.##.#,*,*,*,* *,*
###.##..##.##.##.#,*,,,*,* #.##
....###.##.##.##########,****#.>.
##### #.##.##.#≈≈≈.≈≈≈≈##*,,.....
### #..#.##..########≈#*,*#####


You could see an ogre.

Vanquished Creatures
  A crocodile (Sewer)
  A river rat (D:3)
  5 adders
  2 worms (D:2)
  2 dart slugs
  A giant gecko (D:3)
  9 bats
  A bat zombie (D:3)
  5 giant cockroaches
  9 goblins
  8 hobgoblins
  8 kobolds
  3 giant newts
  8 rats
  A rat zombie (D:3)
64 creatures vanquished.

Vanquished Creatures (others)
  A bat (D:1)
1 creature vanquished.

Grand Total: 65 creatures vanquished

Notes
Turn   | Place    | Note
--------------------------------------------------------------
     0 | D:1      | nubinia the Tengu Conjurer began the quest for the Orb.
     0 | D:1      | Reached XP level 1. HP: 10/10 MP: 4/4
   145 | D:1      | Reached XP level 2. HP: 15/15 MP: 0/6
   994 | D:2      | Reached XP level 3. HP: 13/19 MP: 2/7
  1192 | D:2      | Reached skill level 6 in Conjurations
  1564 | D:2      | Found a snail-covered altar of Cheibriados.
  1755 | D:2      | Reached XP level 4. HP: 24/24 MP: 5/8
  1761 | D:2      | Learned a level 4 spell: Iskenderun's Mystic Blast
  1896 | D:2      | Found a blossoming altar of Fedhas.
  2119 | D:3      | Found an opulent altar of Gozag.
  2161 | D:3      | Found a bloodstained altar of Trog.
  2162 | D:3      | Found a shadowy altar of Dithmenos.
  2425 | D:3      | Found a glowing drain.
  2429 | Sewer    | Entered a sewer
  2620 | Sewer    | Noticed a crocodile
  2637 | Sewer    | Learned a level 3 spell: Dazzling Spray
  2665 | Sewer    | Killed a crocodile
  2665 | Sewer    | Reached skill level 7 in Conjurations
  2665 | Sewer    | Gained mutation: You can fly. [Tengu growth]
  2665 | Sewer    | Reached XP level 5. HP: 28/28 MP: 0/11
  2846 | D:3      | Noticed an ogre
  3411 | D:3      | Found an ancient bone altar of Kikubaaqudgha.
  3744 | D:3      | Annihilated by an ogre

Skill      XL: |  1  2  3  4 |
---------------+-------------+-----
Conjurations   | 6 7 |  7.2
Spellcasting   | 3 |  3.4
Fighting       | |  0.6
Maces & Flails | |  0.4
Dodging        | |  2.8
Stealth        | |  2.4

Action                   |  1- 3 |  4- 6 || total
-------------------------+-------+-------++-------
Melee: Club              |     8 |       ||     8
       Kick              |     1 |     5 ||     6
       Mace              |       |    21 ||    21
       Peck              |       |     2 ||     2
 Cast: Magic Dart        |    70 |    80 ||   150
       Iskenderun's Myst |       |     2 ||     2
  Use: Scroll            |     3 |     6 ||     9
 Stab: Sleeping          |     1 |       ||     1
  Eat: Chunk             |     3 |     7 ||    10
Armor: Robe              |     1 |     2 ||     3
Dodge: Dodged            |     6 |    29 ||    35
